 Dungeon Crawl Stone Soup version 0.22-a0-422-g9628fc8 (webtiles) character file.

111 Jynxie the Chiller (level 4, -2/31 HPs)
             Began as a Merfolk Ice Elementalist on May 19, 2018.
             Slain by an iguana (10 damage)
             ... on level 4 of the Dungeon.
             The game lasted 00:12:37 (2076 turns).

Jynxie the Chiller (Merfolk Ice Elementalist)       Turns: 2076, Time: 00:12:38

Health: -2/31      AC:  3    Str:  5 (8)  XL:     4   Next: 92%
Magic:  0/8        EV: 13    Int: 12 (14) God:
Gold:   171        SH:  0    Dex: 12 (15) Spells: 2/8 levels left

rFire    x . .     SeeInvis .   m - +0 spear
rCold    + . .     Gourm    .   (no shield)
rNeg     . . .     Faith    .   a - +1 robe
rPois    .         Spirit   .   (no helmet)
rElec    .         Reflect  .   (no cloak)
rCorr    .         Harm     .   (no gloves)
MR       .....                  (no boots)
Stlth    ++........             (no amulet)
HPRegen  0.10/turn              k - ring of ice
MPRegen  0.11/turn              (no ring)

@: no status effects
A: change form in water, swift swim, stealthy swim
a: no special abilities


You were on level 4 of the Dungeon.
You were very hungry.

You visited 1 branch of the dungeon, and saw 3 of its levels.

You collected 171 gold pieces.

Inventory:

Hand Weapons
 m - a +0 spear (weapon)
Missiles
 d - 13 poisoned needles
 h - 6 needles of sleeping (quivered)
Armour
 a - a +1 robe (worn)
Jewellery
 k - a ring of ice (left hand)
Wands
 l - a wand of flame (19)
Scrolls
 f - a scroll of remove curse
 i - a scroll of teleportation
 n - a scroll of identify {unknown}
Potions
 j - a potion of degeneration
Comestibles
 c - 5 rations


   Skills:
 + Level 0.4 Fighting
 * Level 1.1 Polearms
 + Level 3.9 Dodging
 - Level 3.3 Stealth
 - Level 2.7 Spellcasting
 - Level 0.7 Conjurations
 + Level 4.1 Ice Magic


You had 2 spell levels left.
You knew the following spells:

 Your Spells              Type           Power        Failure   Level  Hunger
a - Freeze                Ice            ###.         4%          1    #......
b - Throw Frost           Conj/Ice       ##....       14%         2    ###....
c - Ozocubu's Armour      Chrm/Ice       #.......     32%         3    ###....

Your spell library contained the following spells:

 Spells                   Type           Power        Failure   Level  Hunger
 Summon Ice Beast         Ice/Summ       #.......     73%         4    #####..
 Throw Icicle             Conj/Ice       ##......     67%         4    #####..


Dungeon Overview and Level Annotations

Branches:
Dungeon (2/15)

Altars:


Message History

Casting: Freeze (safe; 4% risk of failure)
Confirm with . or Enter, or press ? or * to list all spells.
Aiming: Freeze (safe; 4% risk of failure)
Press: ? - help, Shift-Dir - straight line, f/p - adder skeleton
Aim: an adder skeleton (moderately damaged, inner flame)
You feel a surge of power!
You freeze the adder skeleton.
The adder skeleton resists.
The adder skeleton is heavily damaged.
The adder skeleton misses you. The iguana bites you!
* * * LOW HITPOINT WARNING * * *
Casting: Freeze (safe; 4% risk of failure)
Confirm with . or Enter, or press ? or * to list all spells.
Aiming: Freeze (safe; 4% risk of failure)
Press: ? - help, Shift-Dir - straight line, f/p - adder skeleton
Aim: an adder skeleton (heavily damaged, inner flame)
You feel a surge of power!
You freeze the adder skeleton.
The adder skeleton resists.
The adder skeleton is heavily damaged.
The adder skeleton closely misses you. The iguana bites you!
You die...

..........!.##
##.....(......##
#..............#
#..............#
#..............#
#.............)#
#..............#
#....lZ......##
##....@.....##
############


You could see an iguana (inner flame) and an adder skeleton (inner flame).

Vanquished Creatures
  4 gnolls
  2 adders (D:2)
  4 dart slugs
  2 leopard geckos (D:1)
  A ball python (D:1)
  5 giant cockroaches
  6 hobgoblins
  5 kobolds
  5 bats
  3 frilled lizards
  7 goblins
  4 rats
48 creatures vanquished.

Notes
Turn   | Place    | Note
-------+----------+-------------------------------------------
     0 | D:1      | Jynxie the Merfolk Ice Elementalist began the quest for the Orb.
     0 | D:1      | Reached XP level 1. HP: 13/13 MP: 3/3
    66 | D:1      | Reached XP level 2. HP: 19/19 MP: 1/5
    70 | D:1      | Learned a level 2 spell: Throw Frost
   497 | D:1      | Reached XP level 3. HP: 18/24 MP: 0/6
  1232 | D:1      | Reached XP level 4. HP: 22/30 MP: 2/7
  1355 | D:1      | Reached skill level 4 in Ice Magic
  1626 | D:2      | Reached skill level 1 in Polearms
  1743 | D:2      | Learned a level 3 spell: Ozocubu's Armour
  2058 | D:2      | You fall through a shaft for 2 floors!
  2076 | D:4      | Slain by an iguana

Vault maps used:
D:1:      onia_arrival_pyramid
D:2:      first_ration, minmay_misc_feat_x, minmay_hexomino_f4
D:4:      marbit_many_paths

Skill      XL: |  1  2  3  4 |
---------------+-------------+-----
Dodging        | 3 |  3.9
Stealth        | 3 |  3.3
Ice Magic      | 4 |  4.1
Polearms       | 1 |  1.1
Fighting       | |  0.4
Spellcasting   | |  2.7
Conjurations   | |  0.7

Action                   |  1- 3 |  4- 6 || total
-------------------------+-------+-------++-------
Melee: Unarmed           |     4 |       ||     4
       Short sword       |    20 |       ||    20
       Spear             |       |    23 ||    23
 Cast: Freeze            |    39 |    38 ||    77
       Throw Frost       |     3 |     1 ||     4
Evoke: Wand              |     1 |     1 ||     2
  Use: Scroll            |       |     4 ||     4
       Potion            |       |     2 ||     2
 Stab: Sleeping          |     5 |     1 ||     6
  Eat: Chunk             |     2 |     2 ||     4
Armor: Robe              |     1 |     4 ||     5
Dodge: Dodged            |    32 |    28 ||    60

Table legend:
 A = Spawn XP
 B = Non-spawn XP
 C = Spawn XP percentage of total XP
 D = Spawn monster count
 E = Non-spawn monster count
 F = Spawn count percentage of total count
 G = Total turns spent on level
                    A         B        C        D         E        F      G
               +---------+---------+-------+---------+---------+-------+---------
         Total |       0 |     159 |   0.0 |       0 |      48 |   0.0 |  2076
               +---------+---------+-------+---------+---------+-------+---------
           D:1 |       0 |      94 |   0.0 |       0 |      31 |   0.0 |  1350
           D:2 |       0 |      65 |   0.0 |       0 |      17 |   0.0 |   708
               +---------+---------+-------+---------+---------+-------+---------
